 Dungeon Crawl Stone Soup version 0.17.1-3-g152610e (webtiles) character file.

70 Alarkh the Ruffian (level 4, -7/35 HPs)
             Began as a Draconian Transmuter on Apr 25, 2016.
             Mangled by an ice beast (13 damage)
             ... on level 3 of the Dungeon.
             The game lasted 00:02:11 (1647 turns).

Alarkh the Ruffian (Draconian Transmuter)           Turns: 1647, Time: 00:02:11

Health: -7/35      AC:  5    Str: 13    XL:     4   Next: 3%
Magic:  6/7        EV: 12    Int: 14    God:
Gold:   136        SH:  0    Dex: 11    Spells: 2 memorised, 3 levels left

rFire  . . .     SeeInvis .       - Unarmed
rCold  . . .     Clarity  .     (armour unavailable)
rNeg   . . .     SustAt   .     (no shield)
rPois  .         Gourm    .     (helmet restricted)
rElec  .         Spirit   .     (no cloak)
rCorr  .         Warding  .     (no gloves)
rMut   .         Stasis   .     (no boots)
MR     .....                    (no amulet)
Stlth  +.........               (no ring)
                                (no ring)

@: appendage, slowed, very slow, not resistant to hostile enchantments, very
unstealthy
A: unfitting armour, horns 2, cold-blooded, AC +5
a: End Transformation


You were on level 3 of the Dungeon.
You were not hungry.
You had grown temporary horns.
You visited 1 branch of the dungeon, and saw 3 of its levels.

You collected 136 gold pieces.

Inventory:

Scrolls
 d - 3 scrolls of enchant weapon {unknown}
 g - 2 scrolls of teleportation {unknown}
 h - 3 scrolls of identify {unknown}
 i - a scroll of blinking {unknown}
 l - a scroll of fog {unknown}
 o - a scroll of fear {unknown}
Potions
 a - 2 potions of lignification {unknown}
 e - a potion of cancellation {unknown}
 k - a potion of might {unknown}
 m - a potion of ambrosia {unknown}
Books
 b - a book of Changes

   Spells                             Type                      Level
   a - Beastly Appendage              Transmutation                1
   b - Sticks to Snakes               Transmutation                2
   c - Spider Form                    Transmutation/Poison         3
   d - Ice Form                       Ice/Transmutation            4
   e - Blade Hands                    Transmutation                5
Comestibles
 c - 2 bread rations
 f - a beef jerky
 j - 2 fruits
 n - a chunk of flesh


   Skills:
 - Level 1.1 Fighting
 - Level 1.7 Dodging
 + Level 4.9 Unarmed Combat
 - Level 2.0 Spellcasting
 - Level 2.0 Transmutations


You had 3 spell levels left.
You knew the following spells:

 Your Spells              Type           Power        Failure   Level  Hunger
a - Beastly Appendage     Trmt           #.....       12%         1    ##.....
b - Spider Form           Trmt/Pois      #.........   47%         3    ####...


Dungeon Overview and Level Annotations

Branches:
Dungeon (3/15)

Altars:
Dithmenos

Annotations:
D:3 1 exclusion


Innate Abilities, Weirdness & Mutations

Your plain brown scales are hard (AC +5).
Your body does not fit into most forms of armour.
You are cold-blooded and may be slowed by cold attacks.
You have a pair of horns on your head.


Message History

The ice beast is moderately wounded.
The ice beast hits you. The ice beast freezes you!
* * * LOW HITPOINT WARNING * * *
You are too injured to fight recklessly!
Your transformation has ended.
You see here 27 stones.
You see here 24 stones.
The ice beast looks more healthy.
You closely miss the ice beast.
The ice beast is almost dead.
The ice beast hits you but does no damage.
You closely miss the ice beast.
The ice beast is severely wounded.
The ice beast closely misses you.
Casting: Spider Form
Confirm with . or Enter, or press ? or * to list all spells.
You grow a pair of large bovine horns.
The ice beast hits you.
* * * LOW HITPOINT WARNING * * *
The ice beast freezes you!
You feel yourself slow down.
You die...

### #############.##
#.........Y@...#
######...#########.##
.........# ##...#####
..(......# #.........
..#####..# #....####.
..#[?%#..# #.#.##
..#?)?#..# #<#.#
..#[[[#..# #.#.#
..#####..# #.#.#


You could see an ice beast.

Vanquished Creatures
  Terence (D:2)
  2 worms (D:2)
  3 giant geckos
  6 bats
  3 giant cockroaches
  5 hobgoblins
  2 giant newts
  4 goblins
  3 kobolds
  7 rats
36 creatures vanquished.

Notes
Turn   | Place    | Note
--------------------------------------------------------------
     0 | D:1      | Alarkh the Draconian Transmuter began the quest for the Orb.
     0 | D:1      | Reached XP level 1. HP: 16/16 MP: 3/3
   330 | D:1      | Reached XP level 2. HP: 18/23 MP: 5/5
   822 | D:2      | Reached skill level 4 in Unarmed Combat
  1050 | D:2      | Reached XP level 3. HP: 28/28 MP: 4/6
  1120 | D:2      | Learned a level 3 spell: Spider Form
  1326 | D:2      | Found a shadowy altar of Dithmenos.
  1436 | D:2      | Noticed Terence
  1446 | D:2      | Killed Terence
  1577 | D:3      | Reached XP level 4. HP: 31/35 MP: 3/7
  1612 | D:3      | Noticed an ice beast
  1647 | D:3      | Mangled by an ice beast

Action                   |  1- 3 |  4- 6 || total
-------------------------+-------+-------++-------
Melee: Unarmed           |   113 |    16 ||   129
 Cast: Beastly Appendage |    11 |     1 ||    12
       Spider Form       |     4 |     1 ||     5
  Eat: Chunk             |     3 |     1 ||     4
